 Dungeon Crawl Stone Soup version 0.29.0-11-gd7f09526c8 (webtiles) character file.

Game seed: 18035064846463704426

79 Bartlander the Chopper (level 4, -1/39 HPs)
             Began as a Hill Orc Fighter on Sept 4, 2022.
             Shot with an arrow by a centaur (8 damage)
             ... on level 3 of the Dungeon.
             The game lasted 00:08:08 (2376 turns).

Bartlander the Chopper (Hill Orc Fighter)           Turns: 2376, Time: 00:08:09

Health: -1/39      AC:  8    Str: 20    XL:     4   Next: 37%
Magic:  4/4        EV:  9    Int:  8    God:
Gold:   81         SH:  4    Dex: 10    Spells: 3/3 levels left

rFire   . . .      SeeInvis .   a - +0 war axe
rCold   . . .      Faith    .   c - +0 buckler
rNeg    . . .      Spirit   .   b - +0 scale mail
rPois   .          Reflect  .   (no helmet)
rElec   .          Harm     .   (no cloak)
rCorr   .          Rampage  .   p - +0 pair of gloves
Will    .....                   (no boots)
Stlth   ..........              q - amulet of regeneration
HPRegen 0.93/turn               (no ring)
MPRegen 0.09/turn               (no ring)

@: no status effects
A: no striking features
a: no special abilities


You were on level 3 of the Dungeon.
You visited 1 branch of the dungeon, and saw 3 of its levels.

You collected 81 gold pieces.

Inventory:

Hand Weapons
 a - a +0 war axe (weapon)
Missiles
 e - 10 poisoned darts (quivered)
 i - 4 javelins
Armour
 b - a +0 scale mail (worn)
 c - a +0 buckler (worn)
 p - a +0 pair of gloves (worn)
Jewellery
 q - an amulet of regeneration (around neck)
Wands
 n - a wand of light (13)
 s - a wand of paralysis (8)
Scrolls
 g - a scroll of magic mapping
 h - 5 scrolls of identify
 k - a scroll of butterflies
 t - a scroll of vulnerability {unknown}
Potions
 d - a potion of might
 f - 2 potions of curing
 j - a potion of haste {unknown}
 l - a potion of heal wounds {unknown}
 m - a potion of mutation {unknown}
 o - a potion of magic {unknown}
 r - a potion of degeneration {unknown}


   Skills:
 - Level 3.6 Fighting
 + Level 5.9 Axes
 - Level 3.3 Armour
 - Level 3.3 Shields


You had 3 spell levels left.
You didn't know any spells.
Your spell library contained the following spells:

 Spells                   Type           Power      Damage    Failure   Level
 Apportation              Tloc           0%         N/A       85%         1
 Ensorcelled Hibernation  Hex/Ice        0%         N/A       94%         2
 Ozocubu's Armour         Ice            0%         N/A       99%         3
 Spider Form              Tmut/Pois      0%         N/A       99%         3
 Anguish                  Hex/Necr       0%         N/A       100%        4
 Ozocubu's Refrigeration  Ice            0%         4d7       100%        7


Dungeon Overview and Level Annotations

Branches:
Dungeon (3/15)

Altars:

Annotations:
D:2 1 runed translucent door, Crazy Yiuf, Sigmund


Message History

You are frozen.
The endoplasm closely misses you.
You slash the endoplasm!
You kill the endoplasm!
No target in view!
No target in view!
No target in view!
No target in view!
A rat comes into view.
A rat is nearby!
You closely miss the rat. The rat closely misses you.
You slash the rat!
You kill the rat!
Found an escape hatch in the floor.
An adder comes into view.
The adder hisses angrily.
You barely miss the adder. You block the adder's attack. x2
You closely miss the adder. The adder bites you.
You completely miss the adder. The adder bites you. x2
You closely miss the adder. The adder bites you but does no damage.
You slash the adder!
You kill the adder!
You see here an adder corpse.
f - 2 potions of curing (gained 1)
You start waiting.
Done waiting.
A centaur comes into view.
The centaur shouts!
You hear a shout!
The centaur wields a +0 shortbow.
The centaur shoots an arrow.
The arrow hits you.
The centaur shoots an arrow.
The arrow closely misses you.
You see here an adder corpse.
The centaur shoots an arrow.
The arrow hits you!
The centaur shoots an arrow.
The arrow hits you.
The centaur shoots an arrow.
The arrow hits you.
The centaur shoots an arrow.
The arrow hits you.
The centaur shoots an arrow.
The arrow barely misses you.
The centaur shoots an arrow.
The arrow hits you!
* * * LOW HITPOINT WARNING * * *
The centaur shoots an arrow.
The arrow hits you!
You die...

#.######.....###...
#.# ###..........
#.# ##........# ...
##........# ...
#.........#.
##..........
#.........#
##.........#
#..@.......#
#.##...##### ##.
#..###..## c...
...####.†.# .?...
#...
#...#.###....##
##.#
#..>...c....... ##
#...........###
#.....#.......#
#.....#.......#


You could see a centaur.

Vanquished Creatures
  Robin (D:2)
  An adder (D:3)
  3 worms (D:2)
  A dart slug (D:1)
  6 endoplasms
  2 giant cockroaches (D:2)
  10 goblins
  2 hobgoblins
  2 quokkas (D:1)
  5 ball pythons
  A bat (D:2)
  7 frilled lizards (D:1)
  3 kobolds
  5 rats
  A bush (D:2)
50 creatures vanquished.

Vanquished Creatures (others)
  2 plants
2 creatures vanquished.

Grand Total: 52 creatures vanquished

Notes
Turn   | Place    | Note
-------+----------+-------------------------------------------
     0 | D:1      | Bartlander the Hill Orc Fighter began the quest for the
                  | Orb.
     0 | D:1      | Reached XP level 1. HP: 19/19 MP: 1/1
   102 | D:1      | Reached skill level 3 in Axes
   332 | D:1      | Reached XP level 2. HP: 25/26 MP: 2/2
   485 | D:1      | Reached skill level 4 in Axes
  1134 | D:2      | Reached XP level 3. HP: 16/31 MP: 3/3
  1455 | D:2      | Found a faded altar of an unknown god.
  1472 | D:2      | Got Plato's Almanac of the Jaunt
  1637 | D:2      | Reached skill level 5 in Axes
  1687 | D:2      | Noticed Robin
  1695 | D:2      | Killed Robin
  1719 | D:2      | Reached XP level 4. HP: 30/39 MP: 4/4
  1739 | D:2      | Noticed Sigmund
  1905 | D:2      | Found a runed translucent door.
  1906 | D:2      | Noticed Crazy Yiuf
  2368 | D:3      | Noticed a centaur
  2376 | D:3      | Shot with an arrow by a centaur

Illustrated notes

Levels and vault maps discovered:
D:1:      sevenhm_arrival_forest_fort_small_3, layout_loops_ring
D:2:      layout_rooms, shapermc_ecumenical_altar_rom_forum,
          palyth_stone_intersect, uniq_sigmund, uniq_crazy_yiuf_cottage,
          uniq_robin
D:3:      layout_rooms, serial_curves, eino_curves_03, eino_curves_01,
          eino_curves_03, corexii_shack

Skill      XL: |  1  2  3 |
---------------+----------+-----
Axes           | 3 4 5 |  5.9
Fighting       | |  3.6
Armour         | |  3.3
Shields        | |  3.3

Action                   |  1- 3 |  4- 6 || total
-------------------------+-------+-------++-------
Melee: War axe           |   126 |    84 ||   210
Throw: Dart              |     6 |       ||     6
  Use: Scroll            |     4 |     1 ||     5
Armor: Scale mail        |    45 |    11 ||    56
Dodge: Dodged            |    50 |    11 ||    61
Block: Buckler           |    18 |     4 ||    22
